Cogmind - Beta 11.1 *** ADVENTURER MODE // 2022.05.27 @ 01:51:00 Player: Fgdfgfthgr Result: Self-destructed Performance ------------- Evolutions (5) 2500 Regions Visited (23) 4600 Robots Destroyed (341) 1705 Value Destroyed (11094) 11094 Prototype IDs (228) 4560 Alien Tech Used (0) 0 Bonus (8031) 8031 TOTAL SCORE: 32490 Bonus ------- High Alert Combat Kills 63 Follower Combat Kills 2187 Network Hubs Disabled 200 Met Data Miner 300 Used Data Conduit 3000 Destroyed Z-Imprinter 1000 Triggered Deep Caves Wall 500 Exposed GOLEM Chamber 500 Met R17 at Cetus 500 Friendly Fire -219 Cogmind --------- Core Integrity 899/1000 Matter 300/300 Energy 1090/1090 System Corruption 1% Temperature Cool (63) Movement Walking (128) Location -5/Hub_04(d) Parts ------- > --- POWER (2) -------- Particle Reactor Quantum Reactor > --- PROPULSION (5) --- Zionite Composite Leg I Zionite Composite Leg I Enhanced Flexi-carbon Leg Assembled Alloy Leg Assembled Alloy Leg > --- UTILITY (7) ------ Experimental Heat Sink Huge Storage Unit Advanced Energy Well Experimental Core Analyzer Improved Armor Integrity Analyzer System Mapper Deep Network Scanner > --- WEAPON (3) ------- Cooled Pulse Rifle Heavy Beamcaster Quantum Rifle > --- INVENTORY (25) --- Zionite Light DM Reactor Particle Reactor Zionite Composite Leg I Surveybot 24 Scanner Surveybot 24 Chip Advanced Weapon Cycler Advanced Transmission Jammer Layered Medium Armor Plating Centrium Medium Armor Plating Medium Reactive Plating Medium Reactive Plating Experimental Thermal Shield System Purifier GOLEM Unit GOLEM Unit Precision Shock Rifle Advanced Variable Charge Gun Quantum Rifle 8R-AWN's Boregun Proton Missile Launcher Self-destruct Interrupter (50) Self-destruct Interrupter (50) Peak State ------------ > --- POWER ------------ Reinforced Fission Core Quantum Reactor > --- PROPULSION ------- Zionite Composite Leg I Zionite Composite Leg I Zionite Composite Leg I Assembled Alloy Leg Assembled Alloy Leg > --- UTILITY ---------- Experimental Heat Sink Huge Storage Unit Advanced Energy Well Experimental Targeting Computer Experimental Core Analyzer System Mapper Deep Network Scanner > --- WEAPON ----------- Heavy Beamcaster Assembled Focal Cannon 8R-AWN's Boregun > --- INVENTORY -------- Zionite Light DM Reactor Zionite Composite Leg I Surveybot 24 Scanner Surveybot 24 Chip Improved Armor Integrity Analyzer Advanced Weapon Cycler Advanced Transmission Jammer Layered Medium Armor Plating Layered Medium Armor Plating Centrium Medium Armor Plating Medium Reactive Plating Medium Reactive Plating System Purifier GOLEM Unit GOLEM Unit Precision Shock Rifle Cooled Pulse Rifle Advanced Variable Charge Gun 8R-AWN's Boregun Proton Missile Launcher Self-destruct Interrupter Self-destruct Interrupter [Rating: 143] Favorites ----------- Power Ion Engine Engine Ion Engine Power Core Enhanced Nuclear Core Reactor Zionite Light DM Reactor Propulsion Armored Treads Treads Armored Treads Leg Zionite Composite Leg I Flight Unit Improved VTOL Module Utility Experimental Targeting Computer Device Advanced Heat Sink Storage High-capacity Storage Unit Processor Experimental Targeting Computer Hackware System Mapper Protection Hardened Medium Armor Plating Weapon Improved Light Cannon Energy Gun Beamcaster Energy Cannon Heavy Particle Cannon Ballistic Gun Improved Assault Rifle Ballistic Cannon Improved Light Cannon Launcher Precision Grenade Launcher Special Weapon Plasma Cutter Impact Weapon Impact Mace Piercing Weapon Spear Special Melee Weapon Advanced Datajack Build | -11 -10 -10 -9 -9 -9 -8 -8 -7 -7 -7 -7 -6 -6 -6 -6 -6 -6 -5 -5 -5 -5 -5 -5 ------- Run | Scr Mat Min Mat Min Exi Min Mat Fac Low Low Dat Pro Fac Low Low Zio Dee Pro Fac Ext Cet Arc Hub Slots Evolved 10 | . . . 2 . . . 2 2 . . . . 2 . . . . . 2 . . . . Power 1 | . . . . . . . . . . . . . . . . . . . 1 . . . . Propulsion 3 | . . . 1 . . . 1 . . . . . 1 . . . . . . . . . . Utility 5 | . . . 1 . . . 1 1 . . . . 1 . . . . . 1 . . . . Weapon 1 | . . . . . . . . 1 . . . . . . . . . . . . . . . Parts Attached 269 | . 10 3 23 3 27 6 32 47 4 1 3 19 10 19 1 . 41 . 4 6 3 6 1 Power 18 | . 1 . 3 . 1 . 2 3 . . . . 1 . . . 4 . 1 . 1 1 . Engine 6 | . 1 . 3 . . . . 2 . . . . . . . . . . . . . . . Core 6 | . . . . . 1 . 2 1 . . . . . . . . 2 . . . . . . Reactor 6 | . . . . . . . . . . . . . 1 . . . 2 . 1 . 1 1 . Propulsion 48 | . 2 2 6 . 2 . 11 7 . . . 3 2 5 . . 6 . . 1 . 1 . Treads 39 | . . 2 6 . 1 . 10 7 . . . 3 2 5 . . 3 . . . . . . Leg 8 | . 2 . . . 1 . . . . . . . . . . . 3 . . 1 . 1 . Wheel . | . . . . . . . . . . . . . . . . . . . . . . . . Hover . | . . . . . . . . . . . . . . . . . . . . . . . . Flight 1 | . . . . . . . 1 . . . . . . . . . . . . . . . . Utility 89 | . 2 1 4 . 12 1 10 18 2 1 1 8 4 4 . . 12 . 3 4 1 . 1 Device 34 | . . . 1 . 6 1 4 7 1 . . 1 1 2 . . 6 . 1 2 1 . . Storage 7 | . . 1 1 . 1 . 1 . . . . 1 . 1 . . 1 . . . . . . Processor 4 | . 1 . . . . . . 1 . . . . 1 . . . . . . . . . 1 Hackware 2 | . . . . . . . . . . . . . 1 . . . . . 1 . . . . Protection 42 | . 1 . 2 . 5 . 5 10 1 1 1 6 1 1 . . 5 . 1 2 . . . Artifact . | . . . . . . . . . . . . . . . . . . . . . . . . Weapon 114 | . 5 . 10 3 12 5 9 19 2 . 2 8 3 10 1 . 19 . . 1 1 4 . Energy Gun 39 | . . . . . . . . 8 1 . . 3 1 7 1 . 14 . . 1 . 3 . Energy Cannon 12 | . . . 3 1 2 2 4 . . . . . . . . . . . . . . . . Ballistic Gun 24 | . 1 . . . 7 . 2 5 . . . 2 2 1 . . 3 . . . 1 . . Ballistic Cannon 10 | . 3 . 4 1 1 1 . . . . . . . . . . . . . . . . . Launcher 24 | . 1 . 2 1 1 2 3 5 1 . 1 3 . 2 . . 2 . . . . . . Special Weapon 2 | . . . 1 . 1 . . . . . . . . . . . . . . . . . . Impact Weapon 1 | . . . . . . . . 1 . . . . . . . . . . . . . . . Slashing Weapon . | . . . . . . . . . . . . . . . . . . . . . . . . Piercing Weapon 1 | . . . . . . . . . . . 1 . . . . . . . . . . . . Special Melee Weapon 1 | . . . . . . . . . . . . . . . . . . . . . . 1 . Unidentified Prototypes 18 | . . . . . 5 . 1 4 . . . . 1 . . . 6 . 1 . . . . Corrupted Parts 3 | . . . . . . . . . . . . 1 . 2 . . . . . . . . . System Corruption 15 | . . . . . . . . . . . . 6 . 9 . . . . . . . . . Parts Lost 21 | . 2 . 1 . 1 . 2 1 . . . 4 1 1 . . 4 . . 1 1 1 1 Power 1 | . 1 . . . . . . . . . . . . . . . . . . . . . . Propulsion 7 | . . . . . . . 2 . . . . 2 1 1 . . 1 . . . . . . Utility 5 | . . . 1 . 1 . . 1 . . . . . . . . 1 . . . . . 1 Weapon 8 | . 1 . . . . . . . . . . 2 . . . . 2 . . 1 1 1 . Highest Loss Streak 2 | . 1 . 1 . 1 . 1 1 . . . 2 1 1 . . 2 . . 1 1 1 1 To Critical Strikes . | . . . . . . . . . . . . . . . . . . . . . . . . Average Slot Usage (%) 99 | . 99 100 99 100 99 100 100 99 100 100 100 98 96 99 100 100 96 100 99 100 99 100 99 Engine 3 | . 13 14 11 11 10 . . 3 . . . . . . . . . . . . . . . Core 3 | . . . . . . 11 9 3 7 7 7 7 2 . . . . 6 5 5 5 2 . Reactor 1 | . . . . . . . . . . . . . 3 6 6 6 5 . 5 5 5 7 11 Treads 25 | . . 26 33 33 33 33 36 29 30 30 30 29 29 32 33 33 23 . . . . . . Leg 5 | . 28 1 . . . . . . . . . . . . . . 8 33 29 29 29 29 29 Device 8 | . . . 11 11 10 11 17 13 11 13 7 7 6 6 6 6 5 . . 2 4 5 5 Storage 9 | . 14 14 10 11 11 11 9 7 7 7 7 7 6 6 6 6 6 13 11 11 11 11 11 Processor 5 | . 2 . . . . . . 7 7 7 7 7 13 13 13 13 13 13 11 11 11 11 10 Hackware 2 | . . . . . . . . . . . . . 4 6 6 6 6 6 10 11 11 11 11 Protection 8 | . 10 14 10 11 10 11 9 8 10 8 15 14 7 5 6 6 3 6 4 2 . . . Energy Gun 5 | . 2 . . . . . . 5 8 15 15 16 7 18 20 20 11 . . . 5 11 17 Energy Cannon 4 | . . . 6 11 2 10 8 2 . . . . . . . . 4 13 11 11 5 2 . Ballistic Gun 4 | . 3 . . . 16 . 3 14 7 7 . 4 11 1 . . 1 . . . 4 1 . Ballistic Cannon 5 | . 22 28 15 11 2 10 5 . . . . . . . . . . . . . . . . Naked Turns . | . . . . . . . . . . . . . . . . . . . . . . . . Heaviest Build 158 | 11 21 56 66 66 109 104 121 82 78 75 79 79 77 116 115 115 148 148 158 158 157 150 136 Greatest Support 136 | 20 20 40 66 66 66 66 86 86 86 86 86 86 106 123 120 120 136 132 132 132 132 136 136 Greatest Overweight (x) 4 | . 1 2 1 . 1 1 1 1 . . . 1 . 1 . . 4 1 1 1 1 1 . Average Overweight (x) . | . . 1 . . . 1 . . . . . . . . . . . 1 1 1 1 . . Largest Inventory Capacity 25 | . 8 20 20 20 25 25 25 20 20 20 20 20 20 25 25 25 25 25 25 25 25 25 25 Average Capacity 21 | . 8 19 19 20 21 25 24 20 20 20 20 20 20 22 25 25 25 25 25 25 25 25 25 Most Carried 25 | . 8 19 20 20 25 25 25 20 20 20 20 20 20 25 24 25 25 25 24 23 24 25 25 Average Carried 20 | . 7 13 19 20 19 24 24 19 20 19 19 19 19 22 24 24 24 24 23 22 22 24 24 Final Capacity 25 | 8 8 20 20 20 25 25 20 20 20 20 20 20 20 25 25 25 25 25 25 25 25 25 25 Final Carried 25 | 6 8 19 20 20 24 25 20 20 20 20 20 17 20 24 24 25 25 25 23 22 24 25 24 Class Distribution -------------------- 43% | Mutant 15% | Scavenger-Gunner 9% | Hacker-Mutant 8% | Tank 7% | Scavenger-Tank 5% | Hacker-Gunner 4% | Scavenger-Mutant 4% | Gunner Dominant Class ---------------- Mutant | -10/Materials Mutant | -10/Mines Mutant | -9/Materials Mutant | -9/Mines Mutant | -9/Exiles Mutant | -8/Mines Mutant | -8/Materials Scavenger-Tank | -7/Factory Tank | -7/Lower Caves Tank | -7/Lower Caves Mutant | -7/Data Miner Scavenger-Tank | -6/Proximity Caves Scavenger-Gunner | -6/Factory Scavenger-Gunner | -6/Lower Caves Scavenger-Gunner | -6/Lower Caves Scavenger-Gunner | -6/Zion Scavenger-Gunner | -6/Deep Caves Hacker-Mutant | -5/Proximity Caves Hacker-Mutant | -5/Factory Hacker-Mutant | -5/Extension Hacker-Gunner | -5/Cetus Hacker-Mutant | -5/Archives Hacker-Gunner | -5/Hub_04(d) Resources | -11 -10 -10 -9 -9 -9 -8 -8 -7 -7 -7 -7 -6 -6 -6 -6 -6 -6 -5 -5 -5 -5 -5 -5 ----------- Run | Scr Mat Min Mat Min Exi Min Mat Fac Low Low Dat Pro Fac Low Low Zio Dee Pro Fac Ext Cet Arc Hub Matter Collected 6480 | 200 299 353 607 4 903 347 773 1021 150 16 35 386 263 279 10 . 503 19 72 50 89 91 10 Remotely . | . . . . . . . . . . . . . . . . . . . . . . . . Salvage Created 14471 | . 531 383 1235 80 435 625 1595 2208 375 90 380 1470 629 387 136 . 1812 141 349 998 76 368 168 Parts 792 | . 49 24 85 9 73 29 75 127 12 7 15 60 39 36 13 . 49 8 18 42 3 13 6 Haulers Intercepted 17 | . 2 . 6 . . . 4 3 . . . . . . . . . . . 2 . . . Recyclers Shooed 6 | . 1 . 1 . . . 1 2 . . . . . . . . . . . 1 . . . Parts Field Recycled . | . . . . . . . . . . . . . . . . . . . . . . . . Retrieved Matter . | . . . . . . . . . . . . . . . . . . . . . . . . Parts Self-Destructed 83 | . . . . . . . . . 5 4 . 38 . 17 13 . . 6 . . . . . Prevented 41 | . . . . . . . . . 8 3 . 18 . 11 . . . 1 . . . . . Kills | -11 -10 -10 -9 -9 -9 -8 -8 -7 -7 -7 -7 -6 -6 -6 -6 -6 -6 -5 -5 -5 -5 -5 -5 ------- Run | Scr Mat Min Mat Min Exi Min Mat Fac Low Low Dat Pro Fac Low Low Zio Dee Pro Fac Ext Cet Arc Hub Combat Hostiles Destroyed 266 | . 17 15 24 4 4 13 39 36 6 1 4 25 15 11 5 . 20 6 5 11 1 3 1 Guns 99 | . 8 . . . . . 5 28 2 1 . 15 15 5 5 . 12 . . . . 3 . Cannons 107 | . 9 15 17 . 4 6 29 8 . . . . . . . . . 2 5 11 1 . . AOE 44 | . . . 7 4 . 7 4 . 4 . . 7 . 5 . . 2 4 . . . . . Classes Destroyed 25 | . 5 4 4 . 2 2 . 1 . 1 . . . 2 . . 4 . . . . . . Worker 20 | . . 3 1 . . 3 . 8 . . . . 2 . . . . . 1 . . . 2 Builder 11 | . 3 3 1 . . 1 1 1 . . . . . . . . . . . 1 . . . Tunneler 6 | . . . 1 . . 2 . 3 . . . . . . . . . . . . . . . Hauler 17 | . 2 . 6 . . . 4 3 . . . . . . . . . . . 2 . . . Recycler 7 | . . 2 3 1 . . . 1 . . . . . . . . . . . . . . . Minesweeper 1 | . . . . . . . . . . 1 . . . . . . . . . . . . . Mechanic 1 | . . 1 . . . . . . . . . . . . . . . . . . . . . Operator 4 | . . . 1 . . . . 1 . . . . . . . . . . . . . 2 . Turret 1 | . . . . . 1 . . . . . . . . . . . . . . . . . . Watcher 20 | . 3 . 5 . . . 4 3 . . . . 1 . . . . . . 2 1 . 1 Swarmer 74 | . 9 2 10 4 . . 10 5 . . . 5 11 10 4 . . 4 . . . . . Grunt 96 | . 8 1 8 . . 11 22 14 6 1 . 13 . . . . . . 4 7 1 . . Brawler 1 | . . . . . . 1 . . . . . . . . . . . . . . . . . Duelist 5 | . . . 1 . . . . . . . . 4 . . . . . . . . . . . Sentry 30 | . . . 5 . . . 7 6 . . . 1 3 . . . . . 1 3 . 3 1 Hunter 7 | . . . . . . 1 . 4 . . . 2 . . . . . . . . . . . Programmer 11 | . . . . . . . . 7 . . . . 1 . 1 . . 2 . . . . . Behemoth 2 | . . . . . . . . . . . . . . 1 . . . . . 1 . . . Enhanced Grunt 4 | . . . . . . . . . . . 4 . . . . . . . . . . . . Zionite 8 | . . . . . 8 . . . . . . . . . . . . . . . . . . Z-Light 6 | . . . . . . . . . . . . . . . . . 6 . . . . . . Samaritan 3 | . . . . . . . . . . . . . . 3 . . . . . . . . . Assembler 2 | . . . . . . . . . . . . . . . . . 2 . . . . . . Assembled 18 | . . 12 . . 3 . . . . . . . . . . . 3 . . . . . . Golem 10 | . . . . . . . . . . . . . . . . . 10 . . . . . . Fireman 1 | . . . . . . . . . . . . . . . . . 1 . . . . . . Best Kill Streak 10 | . 4 10 6 5 5 10 6 5 3 2 5 7 4 4 4 . 5 4 5 3 1 2 4 Combat Bots Only 10 | . 3 10 5 4 3 9 6 4 3 1 4 7 4 4 4 . 5 4 5 2 1 1 1 Max Kills in Single Turn 5 | . 2 2 5 3 1 4 2 2 2 1 2 2 1 2 2 . 2 3 2 2 1 2 2 Gunslinging 1 | . 1 . . . . . . . . . . . . . . . 1 . . . . . . Exploded 5 | . . . 5 3 . 3 2 . 2 . . 2 . 2 . . 1 3 . . . . . Melee . | . . . . . . . . . . . . . . . . . . . . . . . . Uniques/NPCs Destroyed 6 | . . . . . 4 . . . . . 1 . . . . . 1 . . . . . . 8R-AWN (-9/Exiles) EX-HEX (-9/Exiles) EX-DEC (-9/Exiles) EX-BIN (-9/Exiles) Data Miner (-7/Data Miner) Z-Imprinter (-6/Deep Caves) Combat | -11 -10 -10 -9 -9 -9 -8 -8 -7 -7 -7 -7 -6 -6 -6 -6 -6 -6 -5 -5 -5 -5 -5 -5 -------- Run | Scr Mat Min Mat Min Exi Min Mat Fac Low Low Dat Pro Fac Low Low Zio Dee Pro Fac Ext Cet Arc Hub Damage Taken 9151 | . 354 196 454 35 664 264 995 1170 100 . 78 1286 462 229 88 . 1065 103 320 772 168 124 224 Core 866 | . 72 28 59 . 65 10 125 89 26 . . 77 13 51 . . 118 32 . 20 23 . 58 Absorbed by Shields 735 | . . . . . . . 357 272 48 . . . . . . . . . . 31 27 . . Regen/Repaired (Parts) 744 | . . . 155 . . . 41 10 . . . . 538 . . . . . . . . . . Core Remaining (%) 74 | 100 . 60 . . . 66 77 . . . . 72 . . . . . 74 . . . . . Volleys Fired 802 | . 57 38 65 3 77 20 118 107 9 2 3 45 39 17 6 . 104 6 14 46 11 9 6 Largest 3 | . 2 2 2 2 2 2 2 3 3 3 3 3 3 3 3 . 3 2 2 3 3 3 3 Hottest 225 | . 78 78 114 114 114 114 114 126 133 133 146 146 98 225 225 . 225 50 50 131 136 136 195 Shots Fired 1753 | . 111 76 127 4 141 37 230 305 24 6 7 125 85 41 18 . 220 10 24 87 33 24 18 Gun 1025 | . 65 . . . 113 1 39 250 19 6 6 118 85 38 18 . 208 . . 6 20 15 18 Cannon 666 | . 44 76 123 2 11 33 185 49 . . . . . . . . 8 8 24 81 13 9 . Launcher 56 | . 2 . 3 2 12 3 6 6 5 . 1 7 . 3 . . 4 2 . . . . . Special 6 | . . . 1 . 5 . . . . . . . . . . . . . . . . . . Kinetic 839 | . 87 76 86 1 119 17 112 193 8 2 . 46 42 4 . . 31 . . . 9 6 . Thermal 649 | . . . 38 1 10 17 112 106 . . . 27 22 19 18 . 100 8 24 87 24 18 18 Explosive 39 | . 2 . 3 2 12 3 6 3 . . . 3 . 3 . . . 2 . . . . . Electromagnetic 226 | . 22 . . . . . . 3 16 4 7 49 21 15 . . 89 . . . . . . Robot Hit Streak 102 | . 22 21 19 3 27 20 26 62 24 27 34 102 47 31 5 . 58 65 69 28 32 55 66 Robot Miss Streak 5 | . 5 3 2 1 3 1 3 1 . . . 1 1 2 1 . 2 . 1 2 . . . Penetration Max 1 | . . . . . 1 . . . . . . . . . . . . . . . . 1 . Secondary Targets 14 | . 2 . . . . . . 1 . . . 4 5 . . . 2 . . . . . . Max Gunslinging Chain 1 | . 1 . . . . . . 1 . . . 1 1 . . . 1 . . . . . . Shots Hit Robots 1293 | . 72 47 92 3 95 28 182 235 20 3 8 111 56 30 9 . 164 7 9 55 31 25 11 Core Hits 679 | . 31 28 42 7 38 29 76 107 13 4 5 54 29 20 6 . 124 6 8 21 15 10 6 Critical Kills 15 | . . . . . 5 . 1 1 . . . 3 2 . . . . . . . . 3 . Critical Parts Destroyed 28 | . 1 . . . 13 . . 2 . . . 3 4 1 . . . . . . 3 1 . Critical Strikes 65 | . 2 . 1 . 18 . 3 3 1 . . 7 6 1 1 . 9 . . . 5 7 1 Burn 14 | . . . . . . . . . . . . 1 . . 1 . 8 . . . 1 2 1 Meltdown 1 | . . . . . . . 1 . . . . . . . . . . . . . . . . Destroy 44 | . 1 . . . 18 . . 3 . . . 6 6 1 . . . . . . 4 5 . Blast 4 | . 1 . 1 . . . 2 . . . . . . . . . . . . . . . . Corrupt 2 | . . . . . . . . . 1 . . . . . . . 1 . . . . . . Melee Attacks 8 | . . . . . . . . . . . 6 . . . . . . . . . . 2 . Impact . | . . . . . . . . . . . . . . . . . . . . . . . . Slashing . | . . . . . . . . . . . . . . . . . . . . . . . . Piercing 6 | . . . . . . . . . . . 6 . . . . . . . . . . . . Sneak Attacks 3 | . . . . . . . . . . . 1 . . . . . . . . . . 2 . Combat Hostiles . | . . . . . . . . . . . . . . . . . . . . . . . . Follow-up Attacks . | . . . . . . . . . . . . . . . . . . . . . . . . Damage Inflicted 33233 | . 1104 1036 2510 269 2026 1123 4747 5042 579 80 172 2804 1052 920 247 . 3302 669 533 2711 1030 786 491 Guns 14336 | . 476 . . . 1430 . 534 3565 297 80 76 2034 1036 535 247 . 2843 . . 148 404 362 269 Cannons 13839 | . 628 1034 2080 24 165 597 3646 1211 . . . . . . . . 45 399 515 2497 626 372 . Explosions 4505 | . . . 430 245 379 501 544 30 282 . 33 770 . 385 . . 414 270 . . . . 222 Melee 63 | . . . . . . . . . . . 63 . . . . . . . . . . . . Ramming 438 | . . 2 . . . 25 23 236 . . . . 16 . . . . . 18 66 . 52 . Kinetic 10884 | . 866 1034 1308 24 1495 222 1767 2216 80 19 . 655 556 61 . . 314 . . . 128 139 . Thermal 14599 | . . . 772 . 152 375 2413 2560 . . . 710 118 279 247 . 1648 399 515 2645 902 595 269 Explosive 3100 | . . . 430 245 379 501 544 . . . . 346 . 385 . . . 270 . . . . . Electromagnetic 4149 | . 238 . . . . . . 30 499 61 109 1093 362 195 . . 1340 . . . . . 222 Impact . | . . . . . . . . . . . . . . . . . . . . . . . . Slashing . | . . . . . . . . . . . . . . . . . . . . . . . . Piercing 63 | . . . . . . . . . . . 63 . . . . . . . . . . . . Highest Corruption 9 | . . . . . . . . 2 . . . 7 . 9 . . . 3 . . . . 1 Average Corruption 2 | . . . . . . . . 1 . . . 1 . 4 . . . 2 . . . . 1 Corruption Purged 13 | . . . . . . . . 4 . . . . . 9 . . . . . . . . . Corruption Blocked . | . . . . . . . . . . . . . . . . . . . . . . . . Effects 19 | . . . . . . . . 2 . . . 4 . 4 . . . 9 . . . . . Message Errors 2 | . . . . . . . . . . . . 1 . . . . . 1 . . . . . Matter Fused 7 | . . . . . . . . 1 . . . . . 2 . . . 4 . . . . . Heat Flow Errors 4 | . . . . . . . . 1 . . . 1 . 1 . . . 1 . . . . . Energy Discharges 5 | . . . . . . . . . . . . 1 . 1 . . . 3 . . . . . Data Loss (minor) 1 | . . . . . . . . . . . . 1 . . . . . . . . . . . Overload Shots 11 | . . . . . . . . . . . . . 11 . . . . . . . . . . Overflow Damage 428 | . 10 22 62 1 . . 20 42 . . . 88 . 30 . . 36 29 . 62 . . 26 Projectiles 221 | . 10 22 50 . . . 17 31 . . . . . . . . . 29 . 62 . . . Explosions 196 | . . . 12 1 . . 3 . . . . 88 . 30 . . 36 . . . . . 26 Melee 11 | . . . . . . . . 11 . . . . . . . . . . . . . . . Knockbacks 43 | . 5 17 8 . . 4 9 . . . . . . . . . . . . . . . . Impact . | . . . . . . . . . . . . . . . . . . . . . . . . Kinetic 39 | . 5 14 8 . . 3 9 . . . . . . . . . . . . . . . . Secondary 4 | . . 3 . . . 1 . . . . . . . . . . . . . . . . . Self-Inflicted Damage 240 | . . . . . . . 76 . . . . 56 . 32 . . . . . . . . 76 Shots 9 | . . . . . . . 3 . . . . 4 . 1 . . . . . . . . 1 Rammed 20 | . . 1 . . . 1 4 14 . . . . . . . . . . . . . . . Targets Rammed 32 | . . 1 . . . 3 4 17 . . . . 2 . . . . . 1 3 . 1 . Kicked 5 | . . . . . . . . . . . . . . . . . . . 1 3 . 1 . Crushed 7 | . . . . . . 2 . 3 . . . . 2 . . . . . . . . . . Highest Temperature 408 | . 120 162 83 6 18 162 56 164 17 6 30 220 3 107 132 . 391 245 408 372 282 15 149 Average Temperature 73 | . 37 45 17 4 8 68 16 8 8 3 22 56 3 26 61 . 140 124 61 118 108 6 67 Received Heat Transfer 2697 | . 150 12 135 9 . 171 554 333 100 . . 405 12 . . . 347 . 189 201 34 9 36 Effects 11 | . . . . . . . . . . . . . . . . . 8 . 1 2 . . . Shutdowns 1 | . . . . . . . . . . . . . . . . . . . . 1 . . . Energy Bleed 2 | . . . . . . . . . . . . . . . . . 1 . . 1 . . . Interference 6 | . . . . . . . . . . . . . . . . . 6 . . . . . . Short Circuit 1 | . . . . . . . . . . . . . . . . . 1 . . . . . . Damage (minor) 1 | . . . . . . . . . . . . . . . . . . . 1 . . . . Siege Activations . | . . . . . . . . . . . . . . . . . . . . . . . . Robots Corrupted 14 | . . . . . . . . . . . 4 3 . 1 . . 6 . . . . . . Combat Hostiles 14 | . . . . . . . . . . . 4 3 . 1 . . 6 . . . . . . Parts Fried 33 | . . . . . . . . . 2 1 7 8 . 2 . . 13 . . . . . . Impact Corruptions 3 | . . 1 . . . . . 2 . . . . . . . . . . . . . . . Robots Melted 2 | . . . . . . . 1 . . . . . . . . . . . . . . . 1 Combat Hostiles 2 | . . . . . . . 1 . . . . . . . . . . . . . . . 1 Parts Melted 32 | . . . . . . . 6 11 . . . 1 . 1 . . 9 . . 2 . . 2 Heat Transferred 18781 | . . . 1110 . 193 555 3367 4548 . . . 1173 222 444 444 . 2892 150 250 1465 806 681 481 Parts Sabotaged . | . . . . . . . . . . . . . . . . . . . . . . . . Parts Stolen . | . . . . . . . . . . . . . . . . . . . . . . . . Parts Stripped . | . . . . . . . . . . . . . . . . . . . . . . . . Power Chain Reactions 3 | . . . . . . . . . . . . 2 . . . . 1 . . . . . . Missiles Intercepted . | . . . . . . . . . . . . . . . . . . . . . . . . Alert | -11 -10 -10 -9 -9 -9 -8 -8 -7 -7 -7 -7 -6 -6 -6 -6 -6 -6 -5 -5 -5 -5 -5 -5 ------- Run | Scr Mat Min Mat Min Exi Min Mat Fac Low Low Dat Pro Fac Low Low Zio Dee Pro Fac Ext Cet Arc Hub Peak Influence 484 | . 409 117 365 215 . 242 484 301 . . . . 448 . . . . . 242 228 469 185 309 Initial 179 | . . 30 4 25 . . . 6 . . . . 179 . . . . . 49 17 111 90 52 Average 144 | . 192 22 150 66 . 67 221 95 . . . . 331 . . . . . 157 94 239 163 174 Maximum Alert Level 2 | . 2 . 1 1 . 1 2 1 . . . . 2 . . . . . 1 1 2 . 1 Low Security (%) 64 | . 38 100 63 81 . 91 36 85 . . . . 3 . . . . . 41 89 34 100 48 Level 1 33 | . 61 . 36 18 . 8 53 14 . . . . 91 . . . . . 58 10 63 . 51 Level 2 2 | . . . . . . . 9 . . . . . 5 . . . . . . . 2 . . Level 3 . | . . . . . . . . . . . . . . . . . . . . . . . . Level 4 . | . . . . . . . . . . . . . . . . . . . . . . . . Level 5 . | . . . . . . . . . . . . . . . . . . . . . . . . High Security . | . . . . . . . . . . . . . . . . . . . . . . . . Max Security . | . . . . . . . . . . . . . . . . . . . . . . . . Squads Dispatched 31 | . 3 1 4 . . 1 5 11 . . . 1 2 . . . . . 1 2 . . . Investigation 10 | . 3 . 3 . . . 2 1 . . . . . . . . . . 1 . . . . Extermination 6 | . . . . . . . . 5 . . . . 1 . . . . . . . . . . Reinforcement 13 | . . . 1 . . 1 3 5 . . . . 1 . . . . . . 2 . . . Assault 2 | . . 1 . . . . . . . . . 1 . . . . . . . . . . . Garrison . | . . . . . . . . . . . . . . . . . . . . . . . . Intercept . | . . . . . . . . . . . . . . . . . . . . . . . . Searches Triggered . | . . . . . . . . . . . . . . . . . . . . . . . . Construction Impeded 3 | . . . . . . 1 . . . . . . . . . . . . . 2 . . . Haulers Reinforced 2 | . . . . . . . . 2 . . . . . . . . . . . . . . . Active Scanning Responses . | . . . . . . . . . . . . . . . . . . . . . . . . Cargo Convoy Interrupts . | . . . . . . . . . . . . . . . . . . . . . . . . Stealth | -11 -10 -10 -9 -9 -9 -8 -8 -7 -7 -7 -7 -6 -6 -6 -6 -6 -6 -5 -5 -5 -5 -5 -5 --------- Run | Scr Mat Min Mat Min Exi Min Mat Fac Low Low Dat Pro Fac Low Low Zio Dee Pro Fac Ext Cet Arc Hub Distress Signals 13 | . 2 . 2 . . . 3 1 . . . . . . . . . . . 2 3 . . Communications Jammed . | . . . . . . . . . . . . . . . . . . . . . . . . Distress Signals . | . . . . . . . . . . . . . . . . . . . . . . . . Times Spotted 431 | . 27 26 39 6 28 13 64 47 9 1 3 28 17 10 3 . 50 3 5 27 14 4 7 Peak Tracking Total 19 | . 3 4 6 4 9 6 7 4 3 1 3 7 4 3 2 . 19 2 5 4 5 1 4 Tactical Retreats 23 | . 1 2 . . 4 . 6 2 2 . . 1 1 . . . 3 . . 1 . . . Traps | -11 -10 -10 -9 -9 -9 -8 -8 -7 -7 -7 -7 -6 -6 -6 -6 -6 -6 -5 -5 -5 -5 -5 -5 ------- Run | Scr Mat Min Mat Min Exi Min Mat Fac Low Low Dat Pro Fac Low Low Zio Dee Pro Fac Ext Cet Arc Hub Traps Triggered 10 | . . . . . . . . 3 . . . . . . . . . . 1 6 . . . Indirectly . | . . . . . . . . . . . . . . . . . . . . . . . . Trap Hack Attempts . | . . . . . . . . . . . . . . . . . . . . . . . . Triggered . | . . . . . . . . . . . . . . . . . . . . . . . . Disarmed 6 | . . . . . . . . . . . . . . . . . . . . 6 . . . Reprogrammed . | . . . . . . . . . . . . . . . . . . . . . . . . Reused 1 | . . . . . . . . . . . 1 . . . . . . . . . . . . Traps Extracted . | . . . . . . . . . . . . . . . . . . . . . . . . Installed 7 | . . . 4 . . . . . . . 3 . . . . . . . . . . . . Triggered 2 | . . . . . . . . . 1 . . . . . . . . 1 . . . . . Most Traps Carried 4 | . . 4 4 . . . . . . 3 3 . . . . . . . . . . . . Exploded 2 | . . . . . 2 . . . . . . . . . . . . . . . . . . Machines | -11 -10 -10 -9 -9 -9 -8 -8 -7 -7 -7 -7 -6 -6 -6 -6 -6 -6 -5 -5 -5 -5 -5 -5 ---------- Run | Scr Mat Min Mat Min Exi Min Mat Fac Low Low Dat Pro Fac Low Low Zio Dee Pro Fac Ext Cet Arc Hub Machines Disabled 39 | . . 2 1 . 14 . 7 3 . . . . . . . . 3 . 1 2 1 1 4 Max in Single Turn 4 | . . 1 1 . 2 . 2 3 . . . . . . . . 1 . 1 1 . . 4 Network Hub 1 | . . . . . . . . . . . . . . . . . . . . . . . 1 Machines Sabotaged . | . . . . . . . . . . . . . . . . . . . . . . . . Garrisons Compromised . | . . . . . . . . . . . . . . . . . . . . . . . . Overloaded Fab Kills . | . . . . . . . . . . . . . . . . . . . . . . . . Hacking | -11 -10 -10 -9 -9 -9 -8 -8 -7 -7 -7 -7 -6 -6 -6 -6 -6 -6 -5 -5 -5 -5 -5 -5 --------- Run | Scr Mat Min Mat Min Exi Min Mat Fac Low Low Dat Pro Fac Low Low Zio Dee Pro Fac Ext Cet Arc Hub Machines Accessed 80 | . 10 2 10 1 1 1 13 15 1 1 4 . 5 1 . . . . 2 10 3 . . Terminals 49 | . 8 2 6 . . 1 8 7 . . . . 3 . . . . . 1 10 3 . . Fabricators 4 | . . . . . . . . 3 . . . . . . . . . . 1 . . . . Repair Stations 9 | . . . 1 . . . 2 4 . . . . 2 . . . . . . . . . . Recycling Units 6 | . 2 . 2 . . . 2 . . . . . . . . . . . . . . . . Scanalyzers 3 | . . . 1 . . . 1 1 . . . . . . . . . . . . . . . Garrison Access . | . . . . . . . . . . . . . . . . . . . . . . . . Total Hacks 229 | . 32 7 28 1 1 3 44 34 1 1 30 . 17 1 . . . . 4 16 9 . . Successful 163 | . 20 5 16 1 1 3 33 16 1 1 30 . 12 1 . . . . 4 12 7 . . Failed 65 | . 12 2 11 . . . 11 18 . . . . 5 . . . . . . 4 2 . . Catastrophic 2 | . . . . . . . . 2 . . . . . . . . . . . . . . . Database Lockouts 1 | . . . 1 . . . . . . . . . . . . . . . . . . . . Manual 106 | . 17 6 16 . . 2 27 19 . . . . 7 . . 4 . . 3 4 1 . . Terminals 145 | . 30 7 22 . . 3 30 17 . . . . 9 . . . . . 2 16 9 . . Fabricators 9 | . . . . . . . . 7 . . . . . . . . . . 2 . . . . Repair Stations 25 | . . . 2 . . . 7 8 . . . . 8 . . . . . . . . . . Recycling Units 7 | . 2 . 2 . . . 3 . . . . . . . . . . . . . . . . Scanalyzers 8 | . . . 2 . . . 4 2 . . . . . . . . . . . . . . . Garrison Access . | . . . . . . . . . . . . . . . . . . . . . . . . Terminal Hacks 108 | . 15 5 6 1 1 2 17 5 1 1 30 . 4 1 . . . . 1 11 7 . . Record 19 | . . 1 . . 1 . . . . . 11 . . . . . . . . . 6 . . Part Schematic 12 | . . . . . . . . 1 . . 10 . . . . . . . . 1 . . . Robot Schematic 6 | . . . . . . . . . . . 6 . . . . . . . . . . . . Robot Analysis 6 | . 3 . . . . 1 2 . . . . . . . . . . . . . . . . Prototype ID Bank 29 | . 6 4 4 . . . 9 . . . 3 . 2 . . . . . . 1 . . . Open Door 11 | . . . . 1 . . . . 1 1 . . . 1 . . . . . 6 1 . . Branch Access Points 5 | . 1 . . . . . 2 1 . . . . 1 . . . . . . . . . . Terminal Index 3 | . . . . . . . 2 1 . . . . . . . . . . . . . . . Fabricator Index 1 | . . . . . . . . 1 . . . . . . . . . . . . . . . Alert Level 2 | . . . . . . . 1 . . . . . . . . . . . . 1 . . . Locate Traps 7 | . 4 . 1 . . . . . . . . . 1 . . . . . . 1 . . . Disarm Traps 1 | . . . . . . . . . . . . . . . . . . . . 1 . . . Hauler Manifests 1 | . . . 1 . . . . . . . . . . . . . . . . . . . . Zone Layout 5 | . 1 . . . . 1 1 1 . . . . . . . . . . 1 . . . . Fabricator Hacks 2 | . . . . . . . . 2 . . . . . . . . . . . . . . . Load Schematic 1 | . . . . . . . . 1 . . . . . . . . . . . . . . . Build 1 | . . . . . . . . 1 . . . . . . . . . . . . . . . Repair Station Hacks 19 | . . . 2 . . . 7 4 . . . . 6 . . . . . . . . . . Scan Component 11 | . . . 1 . . . 4 3 . . . . 3 . . . . . . . . . . Repair 8 | . . . 1 . . . 3 1 . . . . 3 . . . . . . . . . . Recycling Unit Hacks 1 | . . . . . . . 1 . . . . . . . . . . . . . . . . Retrieve Components 1 | . . . . . . . 1 . . . . . . . . . . . . . . . . Scanalyzer 6 | . . . 2 . . . 3 1 . . . . . . . . . . . . . . . Insert Component 3 | . . . 1 . . . 1 1 . . . . . . . . . . . . . . . Analyze 3 | . . . 1 . . . 2 . . . . . . . . . . . . . . . . Garrison Access Hacks . | . . . . . . . . . . . . . . . . . . . . . . . . Unauthorized Hacks 27 | . 5 . 6 . . 1 5 4 . . . . 2 . . . . . 3 1 . . . Terminals 18 | . 3 . 4 . . 1 3 3 . . . . 2 . . . . . 1 1 . . . Botnet 14 | . 3 . 2 . . 1 3 2 . . . . 1 . . . . . 1 1 . . . Detonate 1 | . . . 1 . . . . . . . . . . . . . . . . . . . . Operators 3 | . . . 1 . . . . 1 . . . . 1 . . . . . . . . . . Fabricators 3 | . . . . . . . . 1 . . . . . . . . . . 2 . . . . Liberate 1 | . . . . . . . . . . . . . . . . . . . 1 . . . . Fabnet 2 | . . . . . . . . 1 . . . . . . . . . . 1 . . . . Repair Stations . | . . . . . . . . . . . . . . . . . . . . . . . . Recycling Units 6 | . 2 . 2 . . . 2 . . . . . . . . . . . . . . . . Tunnel 6 | . 2 . 2 . . . 2 . . . . . . . . . . . . . . . . Scanalyzers . | . . . . . . . . . . . . . . . . . . . . . . . . Garrison Access . | . . . . . . . . . . . . . . . . . . . . . . . . Data Cores Recovered . | . . . . . . . . . . . . . . . . . . . . . . . . Used . | . . . . . . . . . . . . . . . . . . . . . . . . Hacking Detections 59 | . 7 2 7 . . . 12 14 . . . . 5 . . . . . 2 8 2 . . Full Trace Events 4 | . 1 . 1 . . . 1 1 . . . . . . . . . . . . . . . Feedback Events . | . . . . . . . . . . . . . . . . . . . . . . . . Feedback Blocked . | . . . . . . . . . . . . . . . . . . . . . . . . Robot Schematics Acquired 6 | . . . . . . . . . . . 6 . . . . . . . . . . . . Robots Built . | . . . . . . . . . . . . . . . . . . . . . . . . Authchips . | . . . . . . . . . . . . . . . . . . . . . . . . Time . | . . . . . . . . . . . . . . . . . . . . . . . . Total Robot Build Rating . | . . . . . . . . . . . . . . . . . . . . . . . . Part Schematics Acquired 13 | . . . 1 . . . . 1 . . 10 . . . . . . . . 1 . . . Parts Built 2 | . . . . . . . . 2 . . . . . . . . . . . . . . . Authchips . | . . . . . . . . . . . . . . . . . . . . . . . . Time 42 | . . . . . . . . 42 . . . . . . . . . . . . . . . Total Part Build Rating 8 | . . . . . . . . 8 . . . . . . . . . . . . . . . Parts Repaired 8 | . . . 1 . . . 3 1 . . . . 3 . . . . . . . . . . Time 453 | . . . 26 . . . 231 54 . . . . 142 . . . . . . . . . . Parts Recycled . | . . . . . . . . . . . . . . . . . . . . . . . . Recycled Matter . | . . . . . . . . . . . . . . . . . . . . . . . . Retrieved Matter . | . . . . . . . . . . . . . . . . . . . . . . . . Retrieved Components 9 | . . . . . . . 9 . . . . . . . . . . . . . . . . Parts Scanalyzed 2 | . . . 1 . . . 1 . . . . . . . . . . . . . . . . Part Schematics Acquired 1 | . . . 1 . . . . . . . . . . . . . . . . . . . . Parts Damaged . | . . . . . . . . . . . . . . . . . . . . . . . . Bothacking | -11 -10 -10 -9 -9 -9 -8 -8 -7 -7 -7 -7 -6 -6 -6 -6 -6 -6 -5 -5 -5 -5 -5 -5 ------------ Run | Scr Mat Min Mat Min Exi Min Mat Fac Low Low Dat Pro Fac Low Low Zio Dee Pro Fac Ext Cet Arc Hub Used RIF Installer . | . . . . . . . . . . . . . . . . . . . . . . . . Robots Hacked 3 | . . . . . . . . . . . . . . 2 . . . . . . . 1 . Non-combat 1 | . . . . . . . . . . . . . . . . . . . . . . 1 . Combat 2 | . . . . . . . . . . . . . . 2 . . . . . . . . . Robot Hacks Applied 2 | . . . . . . . . . . . . . . . . . . . . . . 2 . parse_system 1 | . . . . . . . . . . . . . . . . . . . . . . 1 . check_alert 1 | . . . . . . . . . . . . . . . . . . . . . . 1 . Relay Couplers Released 3 | . . . . . . . . 3 . . . . . . . . . . . . . . . Programmers 3 | . . . . . . . . 3 . . . . . . . . . . . . . . . Fabnet Peak Effective % 3 | . . . . . . . . . . . . 3 3 3 3 3 3 1 1 1 1 1 1 Autooverrided 2 | . . . . . . . . . . . . . . 2 . . . . . . . . . Robots Rewired 20 | . . . . . . . . . . . . . . . . . . . . 20 . . . Allies Hacked . | . . . . . . . . . . . . . . . . . . . . . . . . Hacks Repelled . | . . . . . . . . . . . . . . . . . . . . . . . . Allies | -11 -10 -10 -9 -9 -9 -8 -8 -7 -7 -7 -7 -6 -6 -6 -6 -6 -6 -5 -5 -5 -5 -5 -5 -------- Run | Scr Mat Min Mat Min Exi Min Mat Fac Low Low Dat Pro Fac Low Low Zio Dee Pro Fac Ext Cet Arc Hub Total Allies 44 | . . 1 . 5 . . . . . . . . . 2 . 5 . . . 30 1 . . Largest Group 15 | . . 1 1 4 4 . . . . . . . . 2 . 5 5 . . 15 13 2 . Highest-Rated Group 539 | . . 31 31 71 71 . . . . . . . . 24 . 135 135 . . 539 483 255 . Highest-Rated Ally 159 | . . 31 31 31 31 . . . . . . . . 12 . 31 31 . . 159 159 159 . Total Orders . | . . . . . . . . . . . . . . . . . . . . . . . . Ally Attacks 354 | . . 10 26 14 7 . . . . . . . . 1 . . 57 . . 160 72 7 . Total Damage 6999 | . . 150 416 141 82 . . . . . . . . 17 . . 600 . . 3126 2190 277 . Kills 60 | . . 3 8 3 1 . . . . . . . . . . . 4 . . 20 20 1 . Allies Corrupted 1 | . . . . . . . . . . . . . . . . . . . . 1 . . . Allies Melted 1 | . . . . . . . . . . . . . . . . . . . . 1 . . . Intel | -11 -10 -10 -9 -9 -9 -8 -8 -7 -7 -7 -7 -6 -6 -6 -6 -6 -6 -5 -5 -5 -5 -5 -5 ------- Run | Scr Mat Min Mat Min Exi Min Mat Fac Low Low Dat Pro Fac Low Low Zio Dee Pro Fac Ext Cet Arc Hub Robot Analysis Total 134 | . 3 . . . . 1 2 . . . 128 . . . . . . . . . . . . Derelict Logs Recovered 11 | . . 2 . 1 . . . . 2 2 . 1 . 1 1 1 . . . . . . . Drone Launches . | . . . . . . . . . . . . . . . . . . . . . . . . Drone Recoveries . | . . . . . . . . . . . . . . . . . . . . . . . . Exploration | -11 -10 -10 -9 -9 -9 -8 -8 -7 -7 -7 -7 -6 -6 -6 -6 -6 -6 -5 -5 -5 -5 -5 -5 ------------- Run | Scr Mat Min Mat Min Exi Min Mat Fac Low Low Dat Pro Fac Low Low Zio Dee Pro Fac Ext Cet Arc Hub Turns Passed 27351 | . 1518 1721 2629 396 1272 1257 3569 3429 403 1199 431 740 889 728 435 1192 2455 475 453 1431 436 184 109 Spaces Moved 12668 | 1 730 668 1384 241 490 523 1260 1794 220 720 238 335 358 384 253 722 959 231 205 600 196 91 65 Core . | . . . . . . . . . . . . . . . . . . . . . . . . Treads 10084 | . . 624 1384 241 490 523 1260 1794 220 720 238 335 358 384 253 722 538 . . . . . . Legs 2584 | 1 730 44 . . . . . . . . . . . . . . 421 231 205 600 196 91 65 Wheels . | . . . . . . . . . . . . . . . . . . . . . . . . Hover . | . . . . . . . . . . . . . . . . . . . . . . . . Flight . | . . . . . . . . . . . . . . . . . . . . . . . . Fastest Speed 120 | 120 120 190 145 145 145 225 158 158 165 165 165 165 164 164 164 164 126 198 198 195 198 128 128 Average Speed 182 | 120 173 236 166 145 194 225 231 159 165 165 165 167 164 164 164 164 177 198 198 197 198 151 128 Slowest Speed 270 | 120 190 260 240 145 225 225 238 243 165 165 165 246 165 245 164 164 270 198 198 198 198 198 128 Overloaded Moves . | . . . . . . . . . . . . . . . . . . . . . . . . Propulsion Burnouts . | . . . . . . . . . . . . . . . . . . . . . . . . Robots Hopped . | . . . . . . . . . . . . . . . . . . . . . . . . Cave-ins Triggered . | . . . . . . . . . . . . . . . . . . . . . . . . Exploration Rate (%) 60 | 2 98 99 79 60 77 96 89 56 42 58 78 57 13 39 43 83 73 49 7 80 75 77 13 Regions Visited 23 Branch Regions 17 Pre-discovered Areas 30 | . 2 1 2 . 1 . 2 . 1 . 18 . . . . 3 . . . . . . . Known Exits Taken 5 | . 1 . . . . . . 1 . . . 1 1 . . . . 1 . . . . . Unknown Exits Taken 18 | 1 . 1 1 1 1 1 1 . 1 1 1 . . 1 1 1 1 . 1 1 1 1 . Scrap Searched 15 | . . 1 . 3 . 2 . . 1 1 . 1 . 1 1 2 . 2 . . . . . Spaces Dug 81 | . 13 . . . . . 10 34 . . 5 . 5 . . . 1 . 6 7 . . . Terrain Destroyed 594 | . 15 4 31 19 13 33 88 90 . . 5 35 11 33 . . 20 18 12 21 . 1 145 Melee 5 | . . . . . . . . . . . 5 . . . . . . . . . . . . Projectile 108 | . 2 4 10 1 13 3 18 . . . . . 11 1 . . 8 2 12 21 . 1 1 AOE 481 | . 13 . 21 18 . 30 70 90 . . . 35 . 32 . . 12 16 . . . . 144 Terrain Rammed . | . . . . . . . . . . . . . . . . . . . . . . . . Walls Destroyed . | . . . . . . . . . . . . . . . . . . . . . . . . Machines Disabled . | . . . . . . . . . . . . . . . . . . . . . . . . Actions | -11 -10 -10 -9 -9 -9 -8 -8 -7 -7 -7 -7 -6 -6 -6 -6 -6 -6 -5 -5 -5 -5 -5 -5 --------- Run | Scr Mat Min Mat Min Exi Min Mat Fac Low Low Dat Pro Fac Low Low Zio Dee Pro Fac Ext Cet Arc Hub Total 15356 | . 884 730 1594 282 666 563 1689 2105 241 728 262 412 586 446 259 731 1536 240 227 756 219 123 77 Wait 1181 | . 68 9 60 36 34 8 230 107 7 . . 4 164 14 . 5 389 2 4 27 8 . 5 Move 12645 | . 729 667 1383 240 489 522 1259 1793 219 719 237 334 357 383 252 721 958 230 204 599 195 90 65 Hop . | . . . . . . . . . . . . . . . . . . . . . . . . Pick Up 144 | . 10 11 32 . 17 2 16 12 . 3 4 1 9 7 . 3 8 1 . . 2 6 . Fast Attach 64 | . 3 . 2 . 6 . 4 12 1 . . 3 3 3 . . 22 . . 1 . 4 . Attach 43 | . 3 . 2 . 7 . 6 5 . 1 . 4 2 1 . . 6 . 2 1 1 1 1 Detach 7 | . . . . . 4 . . . . . . . . . . . 3 . . . . . . Swap 162 | . 4 3 19 3 14 6 22 30 3 . 3 12 5 15 1 . 13 . 2 4 2 1 . Drop 178 | . 10 1 27 . 18 2 30 22 2 3 5 2 5 6 . 2 33 1 . . . 9 . Fire 802 | . 57 38 65 3 77 20 118 107 9 2 3 45 39 17 6 . 104 6 14 46 11 9 6 Melee 8 | . . . . . . . . . . . 6 . . . . . . . . . . 2 . Ram . | . . . . . . . . . . . . . . . . . . . . . . . . Kick 5 | . . . . . . . . . . . . . . . . . . . 1 3 . 1 . Crush 27 | . . 1 . . . 3 4 17 . . . . 2 . . . . . . . . . . Escape Stasis 20 | . . . . . . . . . . . . . . . . . . . . 20 . . . Rewire 62 | . . . . . . . . . . . . 7 . . . . . . . 55 . . . Trap 8 | . . . 4 . . . . . . . 4 . . . . . . . . . . . . Miscellaneous . | . . . . . . . . . . . . . . . . . . . . . . . . Route ------- -11/Scrapyard -10/Materials (discovered 5 exits: *Mat x3 / *Min x2) -10/Mines (discovered 2 exits: *Mat x2) -9/Materials (discovered 3 exits: *Mat x2 / *Min) -9/Mines (discovered 2 exits: *Mat / *Exi) -9/Exiles -8/Mines (discovered 2 exits: *Mat x2) -8/Materials (discovered 2 exits: *Fac x2) -7/Factory (discovered 6 exits: *Fac x4 / *Low x2) -7/Lower Caves -7/Lower Caves -7/Data Miner -6/Proximity Caves -6/Factory (discovered 3 exits: Fac / *Low x2) -6/Lower Caves -6/Lower Caves -6/Zion (discovered 2 exits: [*Dee] / [*Pro]) -6/Deep Caves -5/Proximity Caves -5/Factory (discovered 3 exits: Fac / [*Upp] / *Ext) -5/Extension (discovered 2 exits: *Fac / *Cet) -5/Cetus (discovered 2 exits: *Fac / [*Arc]) -5/Archives (discovered 2 exits: *Fac / [*Hub]) -5/Hub_04(d) History --------- Turn | Location | Event 1 | -11/Scrapyard | Discovered new exit (range 0) 1 | -11/Scrapyard | Entered Materials 109 | -10/Materials | Discovered new exit (range 18) 311 | -10/Materials | Build established: Mutant 497 | -10/Materials | Discovered new exit (range 7) 810 | -10/Materials | Identified exit to Mines 989 | -10/Materials | Discovered new exit (range 4) 1340 | -10/Materials | Discovered new exit (range 4) 1519 | -10/Materials | Entered Mines 1520 | -10/Mines | Assembled infested the area 1537 | -10/Mines | Discovered new exit (range 10) 1559 | -10/Mines | Learned location of Recycling (-9) 1748 | -10/Mines | Destroyed 10 combat bots 1817 | -10/Mines | Learned Materials interactive machine intel 2025 | -10/Mines | Discovered new exit (range 8) 2153 | -10/Mines | Met a Derelict testing a Signal Generator 2706 | -10/Mines | Found a hidden stash of uninstalled traps 3240 | -10/Mines | Entered Materials 3240 | -9/Materials | Accompanied by 1 ally 3240 | -9/Materials | Evolved 2 slots: Propulsion x1, Utility x1 3241 | -9/Materials | Loaded intel: 18 interactive machine locations 3345 | -9/Materials | Repaired Hcp. Storage Unit 4114 | -9/Materials | Discovered new exit (range 13) 4735 | -9/Materials | Discovered new exit (range 13) 5020 | -9/Materials | Central database locked down 5062 | -9/Materials | Discovered new exit (range 16) 5869 | -9/Materials | Entered Mines 5876 | -9/Mines | Met a Derelict who couldn't figure out how to use a Trap Extractor 5971 | -9/Mines | Discovered new exit (range 6) 6227 | -9/Mines | Assisted by bots powering up and referring to "LRC-V3" 6233 | -9/Mines | Learned Materials trap positions 6256 | -9/Mines | Deemed a non-threat by the Exiles lab entrance 6256 | -9/Mines | Discovered new exit (range 5) 6265 | -9/Mines | Entered Exiles 6265 | -9/Exiles | Accompanied by 4 allies 6295 | -9/Exiles | Led the pair of lost Derelicts to a safe place 6306 | -9/Exiles | Met 8R-AWN 6331 | -9/Exiles | Met EX-HEX 6386 | -9/Exiles | Met EX-DEC 6396 | -9/Exiles | Learned location of Zion (-6) 6442 | -9/Exiles | Attacked by the Exiles 6625 | -9/Exiles | Destroyed 8R-AWN 6637 | -9/Exiles | Found Prototype Device 6637 | -9/Exiles | Identified AS-neutralizer No. 17b 6644 | -9/Exiles | Found Prototype Ballistic Gun 6644 | -9/Exiles | Identified 8R-AWN's Boregun 6647 | -9/Exiles | Found 8R-AWN's Boregun 6651 | -9/Exiles | Found Prototype Processor 7015 | -9/Exiles | Destroyed EX-HEX 7067 | -9/Exiles | Destroyed EX-DEC 7121 | -9/Exiles | Destroyed EX-BIN 7301 | -9/Exiles | Found Prototype Processor 7318 | -9/Exiles | Found Prototype Device 7319 | -9/Exiles | Identified Exp. Targeting Computer 7332 | -9/Exiles | Identified Exp. Core Analyzer 7338 | -9/Exiles | Identified System Purifier 7510 | -9/Exiles | Discovered new exit (range 14) 7537 | -9/Exiles | Entered Mines 7694 | -8/Mines | Discovered new exit (range 9) 8230 | -8/Mines | Discovered new exit (range 15) 8255 | -8/Mines | Destroyed 9 combat bots 8794 | -8/Mines | Entered Materials 8794 | -8/Materials | Evolved 2 slots: Propulsion x1, Utility x1 8795 | -8/Materials | Loaded intel: 24 trap records 9476 | -8/Materials | Repaired Exp. Heat Sink 9541 | -8/Materials | Repaired Imp. Armor Integrity Analyzer 9951 | -8/Materials | Discovered new exit (range 6) 10624 | -8/Materials | Repaired Exp. Targeting Computer 11277 | -8/Materials | Discovered new exit (range 7) 12363 | -8/Materials | Entered Factory 12363 | -7/Factory | Evolved 2 slots: Utility x1, Weapon x1 12670 | -7/Factory | Build established: Scavenger-Tank 12712 | -7/Factory | Discovered new exit (range 4) 12910 | -7/Factory | Repaired System Purifier 13066 | -7/Factory | Discovered new exit (range 8) 13839 | -7/Factory | Discovered new exit (range 7) 14128 | -7/Factory | Discovered new exit (range 14) 14740 | -7/Factory | Identified exit to Lower Caves 14788 | -7/Factory | Build established: Tank 15124 | -7/Factory | Build established: Gunner 15440 | -7/Factory | Discovered new exit (range 8) 15532 | -7/Factory | Fabricated Spear (x2) 15792 | -7/Factory | Entered Lower Caves 15860 | -7/Lower Caves | Encountered a Warlord checkpoint 16184 | -7/Lower Caves | Discovered new exit (range 8) 16187 | -7/Lower Caves | Learned Factory machine intel 16195 | -7/Lower Caves | Entered another Lower Caves area 16233 | -7/Lower Caves | Learned Factory interactive machine intel 16408 | -7/Lower Caves | Build established: Tank 16478 | -7/Lower Caves | Learned location of 1 exit from Factory 16974 | -7/Lower Caves | Discovered new exit (range 15) 17394 | -7/Lower Caves | Entered Data Miner 17394 | -7/Data Miner | Discovered new exit (range 6) 17427 | -7/Data Miner | Met Data Miner 17459 | -7/Data Miner | Learned location of Section 7 (-2) 17459 | -7/Data Miner | Acquired the access code to Warlord's prototype stash 17490 | -7/Data Miner | Received God Mode back door access code from Data Miner 17609 | -7/Data Miner | Destroyed Data Miner 17611 | -7/Data Miner | Interfaced with the Data Conduit 17658 | -7/Data Miner | Found Prototype Hackware 17661 | -7/Data Miner | Found Prototype Hackware 17691 | -7/Data Miner | Build established: Mutant 17825 | -7/Data Miner | Entered Proximity Caves 18000 | -6/Proximity Caves | Identified exit to Factory 18108 | -6/Proximity Caves | Build established: Tank 18144 | -6/Proximity Caves | Attracted the attention of an 0b10 outpost 18443 | -6/Proximity Caves | Build established: Scavenger-Tank 18452 | -6/Proximity Caves | Destroyed 7 combat bots 18565 | -6/Proximity Caves | Entered Factory 18565 | -6/Factory | Evolved 2 slots: Propulsion x1, Utility x1 18566 | -6/Factory | Identified exit to Factory 18567 | -6/Factory | Loaded intel: 243 machine locations 18568 | -6/Factory | Loaded intel: 52 interactive machine locations 18739 | -6/Factory | Identified System Mapper 18777 | -6/Factory | Repaired Imp. Medium Armor Plating 18960 | -6/Factory | Identified exit to Lower Caves 19166 | -6/Factory | Repaired Cld. Pulse Rifle 19219 | -6/Factory | Repaired Lyr. Medium Armor Plating 19407 | -6/Factory | Build established: Scavenger-Gunner 19454 | -6/Factory | Entered Lower Caves 19501 | -6/Lower Caves | Spotted B-75 Beast 19525 | -6/Lower Caves | Destroyed B-75 Beast 20060 | -6/Lower Caves | Learned 8 Factory zone layouts 20065 | -6/Lower Caves | Discovered new exit (range 7) 20182 | -6/Lower Caves | Entered another Lower Caves area 20271 | -6/Lower Caves | Learned Factory security intel 20564 | -6/Lower Caves | Discovered new exit (range 12) 20617 | -6/Lower Caves | Entered Zion 20739 | -6/Zion | Discovered new exit (range 15) 20986 | -6/Zion | Gained Derelict followers 21055 | -6/Zion | Given the Hacking Drone Bay 21055 | -6/Zion | Found Prototype Device 21078 | -6/Zion | Learned location of 1 exit from Lower Caves 21319 | -6/Zion | Acquired unknown access codes intercepted by a Zionite 21431 | -6/Zion | Gained Derelict followers 21769 | -6/Zion | Opened final containment barrier to the Deep Caves 21797 | -6/Zion | Discovered new exit (range 3) 21797 | -6/Zion | Saw the warning signs outside the Deep Caves entrance 21809 | -6/Zion | Entered Deep Caves 21809 | -6/Deep Caves | Accompanied by 5 allies 22105 | -6/Deep Caves | Z-Facility disabled 22186 | -6/Deep Caves | Attacked by Z-Imprinter 22198 | -6/Deep Caves | Destroyed Z-Imprinter 22524 | -6/Deep Caves | Found Prototype Protection 22524 | -6/Deep Caves | Identified Zio. Weapon Casing 22842 | -6/Deep Caves | Spotted as-54316 22873 | -6/Deep Caves | Destroyed as-54316 22931 | -6/Deep Caves | Triggered Deep Caves wall 22937 | -6/Deep Caves | Spotted AS-71891 22941 | -6/Deep Caves | Spotted AS-17332 22971 | -6/Deep Caves | Destroyed AS-71891 22987 | -6/Deep Caves | Destroyed AS-17332 22996 | -6/Deep Caves | Spotted as-11122 23073 | -6/Deep Caves | Exposed GOLEM chamber 23077 | -6/Deep Caves | Found GOLEM Unit 23166 | -6/Deep Caves | Found GOLEM Unit 23648 | -6/Deep Caves | Found Surveybot 24 Scanner 23651 | -6/Deep Caves | Found Surveybot 24 Chip 23742 | -6/Deep Caves | Build established: Hacker-Gunner 23968 | -6/Deep Caves | Found GOLEM Unit 24044 | -6/Deep Caves | Found GOLEM Unit 24246 | -6/Deep Caves | Build established: Hacker-Mutant 24254 | -6/Deep Caves | Discovered new exit (range 6) 24264 | -6/Deep Caves | Entered Proximity Caves 24700 | -5/Proximity Caves | Discovered exit to Factory (range 15) 24739 | -5/Proximity Caves | Entered Factory 24739 | -5/Factory | Evolved 2 slots: Power x1, Utility x1 24740 | -5/Factory | Identified exit to Factory 24740 | -5/Factory | Identified Deep Network Scanner 24742 | -5/Factory | Loaded intel: 268 machine locations 24899 | -5/Factory | Discovered new exit (range 13) 24994 | -5/Factory | Discovered new exit (range 7) 25192 | -5/Factory | Entered Extension 25193 | -5/Extension | Loaded intel: 33 machine locations 25386 | -5/Extension | Rescued a captive Derelict 25413 | -5/Extension | Rescued a captive Derelict 25414 | -5/Extension | Rescued a captive Derelict 25483 | -5/Extension | Rescued a captive Derelict 25484 | -5/Extension | Rescued a captive Derelict 25658 | -5/Extension | Rescued a captive Derelict 26091 | -5/Extension | Spotted B-75 Beast 26102 | -5/Extension | Destroyed B-75 Beast 26111 | -5/Extension | Spotted B-75 Beast 26121 | -5/Extension | Allies destroyed B-75 Beast 26364 | -5/Extension | Rescued a captive Derelict 26365 | -5/Extension | Rescued a captive Derelict 26423 | -5/Extension | Rescued a captive Derelict 26529 | -5/Extension | Rescued A7 26587 | -5/Extension | Discovered exit to Factory (range 10) 26589 | -5/Extension | Discovered new exit (range 6) 26623 | -5/Extension | Entered Cetus 26623 | -5/Cetus | Accompanied by 13 allies (A7) 26624 | -5/Cetus | Loaded intel: 24 machine locations 26628 | -5/Cetus | Acquired a Cetus Manufacturing Module code from A7 26647 | -5/Cetus | Spotted Cetus Guard 26647 | -5/Cetus | Spotted Cetus Guard 26649 | -5/Cetus | Spotted Cetus Guard 26658 | -5/Cetus | Spotted Cetus Guard 26661 | -5/Cetus | Allies destroyed Cetus Guard 26666 | -5/Cetus | Allies destroyed Cetus Guard 26666 | -5/Cetus | Allies destroyed Cetus Guard 26668 | -5/Cetus | Allies destroyed Cetus Guard 26746 | -5/Cetus | Started Cetus Manufacturing Module 26771 | -5/Cetus | Manufactured an Enhanced Grunt 26774 | -5/Cetus | Cetus Manufacturing Module disabled 26887 | -5/Cetus | Discovered new exit (range 15) 26893 | -5/Cetus | Build established: Hacker-Gunner 26924 | -5/Cetus | Spotted Cetus Guard 26924 | -5/Cetus | Spotted Cetus Guard 26925 | -5/Cetus | Allies destroyed Cetus Guard 26928 | -5/Cetus | Spotted Cetus Guard 26937 | -5/Cetus | Allies destroyed Cetus Guard 26937 | -5/Cetus | Spotted Cetus Guard 26940 | -5/Cetus | Allies destroyed Cetus Guard 26943 | -5/Cetus | Allies destroyed Cetus Guard 26951 | -5/Cetus | Discovered exit to Factory (range 16) 26963 | -5/Cetus | Met Revision 17 27059 | -5/Cetus | Entered Archives 27059 | -5/Archives | Accompanied by 2 allies (A7) 27060 | -5/Archives | Loaded intel: 8 machine locations 27140 | -5/Archives | Found Exp. Thermal Shield 27169 | -5/Archives | Discovered new exit (range 16) 27184 | -5/Archives | Discovered exit to Factory (range 15) 27243 | -5/Archives | Entered Hub_04(d) 27244 | -5/Hub_04(d) | Loaded intel: 131 machine locations 27296 | -5/Hub_04(d) | Network Hub disabled 27352 | -5/Hub_04(d) | Self-destructed Last Messages --------------- 27214_ Acquired 10 matter. 27239_ Kicked O-32 Director out of the way. 27239_ O-32 Director destroyed. LOCATION=UNKNOWN GOAL=ESCAPE Loading Hub_04(d) machine intel (x131)... 27296_ ALERT: Network intrusion management efficiency reduced by 20%. Dispatching hub defense squads. All non-combat units evacuate. 27296_ Network Hub explodes. 27296_ Door malfunctions. 27297_ Penetrated by Slug. 27299_ Exp. Targeting Computer destroyed. 27299_ Penetrated by Slug. 27303_ Y-64 Sentinel suffers critical hit (Burn). 27305_ Penetrated by Slug. 27307_ Melted Imp. Treads. 27307_ Y-64 Sentinel critical meltdown. 27314_ Acquired 10 matter. 27327_ Imp. Signal Interpreter melted. 27327_ W-25 Informer destroyed. Map ----- +----------------------------------------------------+ | | | | | | | | | | | | | | | | | | | | | ????????????????????????????????????????##???????? | | ????????????????????????##?????????????# ??"""T" | | ????????????????????????#! ????????????# #?????? | | ????????????????????????# ?""""?""""??# "#?????? | | ????????????????????????# """" """"??# "#?????? | | ????????????????????????# """" """"??# "#?????? | | ????????????????????????# """" """" ?# #?????? | | ????????????????????????? ?# ###+##? | | ????????????????????????? """" ###""# ## | | ?????????????????????????? """" " "# | | ?????????????????????????? """" """" " % " | | ??????????????????????????? """" """" # ###" ! " | | ??????????????????????????? ?? ????# #?### "" | | ??????????????????????######+##########+##### "" | | ??????????????????????# %= # ### | | ??????????????????????+ "@" " " " "!" " " " # #?# | | ??????????????????????# " " " " " " " " " " # ### | | ??????????????????????# " " " " " " " " " " + | | ??????????????????????+ gb # | | ??????????????????????# ! # #### | | ??????????????T???????# # ???# | | ??????????????????????##g#################### ???# | | ?"?"????????"""???????? ??????##########???# ???# | | ?"?"??????????????????? ??????# #???#+#### | | ?"?"????????"""???????? ??????# """" #???# | | ?????????????????????? g ??????# """" #???# """ | | ?????????????????????? ??????# """" ##### """ | | ?????????????????????? ??????+ """" + + """ | | ?????????????????????? ???????# ##### """ | | ?????????????????????? ???????# ""T"" #???# | | ??????????????????????? ???????# """"" #???# | | ???????????????????????????????# #???# | | ??????????????????????????????######+############+ | | ?T???????????????""""?""""????# | | ?????????????????""""?""""????# | | ?????????????????""""?""""????# | | ?????????????????""""?""""????################+##+ | | ?????????????????????????????????????????????????? | | ?????????????????????????????????????????????????? | | ""?"""??????????????????????????????????????""""?? | +----------------------------------------------------+ Best States ------------- Heat Dissipation 66 Energy Generation 43 Energy Capacity 1090 Matter Stores 300 Matter Capacity 300 Sight Range 18 Terrain Scan Density 10 Armor Coverage 450 Resistance: KI 50 Resistance: TH 35 Resistance: EX 20 Resistance: EM 20 Resistance: I 20 Resistance: S 20 Resistance: P 20 Evasion (%) 55 Targeting Accuracy 12 Core Analysis 8 Armor Integrity Analysis 40 Recoil Reduction 5 Offensive Hacking 55 Item Schematics ----------------- Beamcaster | -9/Materials | Scanalyzed Spear | -7/Factory | Hacked Combat Drone Bay | -7/Data Miner | Free Lgt. Regenerative Plating | -7/Data Miner | Free Biomechanical Wings | -7/Data Miner | Free Gravity Neutralizer | -7/Data Miner | Free Ion Burst Cannon | -7/Data Miner | Free Antigrav System | -7/Data Miner | Free Adv. Cooling System | -7/Data Miner | Free Enh. Gauss Cannon | -7/Data Miner | Free Neutrino Core | -7/Data Miner | Free Adv. Coolant Injector | -7/Data Miner | Free Lrn. Proton Cannon | -5/Extension | Hacked Robot Schematics ------------------ M-28 Smith | -7/Data Miner | Free L-41 Fighter | -7/Data Miner | Free S-27 Virus | -7/Data Miner | Free Y-54 Guardian | -7/Data Miner | Free M-22 Extractor | -7/Data Miner | Free B-60 Warrior | -7/Data Miner | Free Fabricated ------------ Spear | x2 | -7/Factory Alien Tech Used ----------------- None Achievements -------------- None Challenges ------------ None Game ------ Seed ModifiedChromaticWings Manual? 0 Play Time 02:22:02 Cumulative 236.1 hours Start 2022.05.26 @ 23:12:20 End 2022.05.27 @ 01:51:00 Sessions 1 Manual Loads 0 Difficulty Adventurer Special Mode None Game No. 115 Rogue 2 Adventurer 113 Explorer 0 Win Type - Total 16 Types 8/1/1/1/1/0/2/1/1 Lore% 91 Gallery% 87 Achievement% 77 Wizard Run 0 Options --------- ASCII 0 Keyboard 1 Movement Numpad Keybinds 0 Fullscreen 2 Font 18/SmallcapsGlow Map View 76x50 Tactical HUD 1 Map Filters NONE Filters NONE Steam 1 RUN: b83b2c89-5d40-46c0-befd-1a0c5259f0f9